 Dungeon Crawl Stone Soup version 0.23.2 (webtiles) character file.

Game seed: 13206485536881433101

226865 PentaManta the Hoplite (level 18, -14/267 HPs)
             Began as a Minotaur Berserker on Apr 3, 2019.
             Was the Champion of Trog.
             Killed by the raging water
             ... invoked by a water nymph
              (22 damage)
             ... on level 4 of the Shoals.
             The game lasted 01:55:29 (30029 turns).

PentaManta the Hoplite (Minotaur Berserker)        Turns: 30029, Time: 01:55:30

Health: -14/267    AC: 29    Str: 37    XL:     18   Next: 66%
Magic:  0/8        EV: 19    Int:  4    God:    Trog [******]
Gold:   1416       SH: 18    Dex: 11    Spells: 17/17 levels left

rFire    . . .     SeeInvis +   K - +8 scimitar of Zisuurir {protect, rElec rPois MP-9 Stlth+}
rCold    . . .     Gourm    .   x - +0 shield {reflect}
rNeg     . . .     Faith    .   r - +3 ring mail of Askeatzegeil {Regen+}
rPois    +         Spirit   +   h - +0 mask of the Dragon {MR+ Slay+3 SInv}
rElec    +         Reflect  +   X - +2 cloak
rCorr    +         Harm     .   u - +2 pair of gloves {Str+3}
MR       ++...                  f - +2 pair of boots {Fly}
Stlth    ..........             g - amulet of guardian spirit
HPRegen  0.94/turn              j - ring of see invisible
MPRegen  0.11/turn              v - ring of resist corrosion

@: berserking (expiring), lethally poisoned (-14 -> -14), protection aura,
flying, very quick
A: retaliatory headbutt, horns 2
}: 1/15 runes: serpentine
a: Berserk, Trog's Hand, Brothers in Arms, Renounce Religion, Stop Flying


You were on level 4 of the Shoals.
You worshipped Trog.
Trog was exalted by your worship.
You were very hungry.

You visited 6 branches of the dungeon, and saw 31 of its levels.
You also visited: Gauntlet and Volcano.

You collected 2256 gold pieces.
You spent 840 gold pieces at shops.

Inventory:

Hand Weapons
 y - a +2 scimitar of flaming
 K - the +8 scimitar of Zisuurir (weapon) {protect, rElec rPois MP-9 Stlth+}
   (You bought it in a shop on level 11 of the Dungeon)

   It protects the one who uses it against injury (+AC on strike).
   It insulates you from electricity.
   It protects you from poison.
   It affects your magic capacity (-9).
   It makes you more stealthy.
 Z - a +0 double sword of slicing
Missiles
 d - 36 javelins (quivered)
 w - 9 throwing nets
Armour
 f - a +2 pair of boots of flying (worn)
 h - the +0 mask of the Dragon (worn) {MR+ Slay+3 SInv}
   (You found it on level 4 of the Lair of Beasts)

   It affects your accuracy and damage with ranged weapons and melee attacks
   (+3).
   It affects your resistance to hostile enchantments.
   It lets you see invisible.
 r - the +3 ring mail of Askeatzegeil (worn) {Regen+}
   (You acquired it in a Gauntlet)

   It increases your rate of regeneration.
 u - a +2 pair of gloves of strength (worn)
 x - a +0 shield of reflection (worn)
 H - the +0 ring mail "Pada" {rPois rF++ MP-9 Str+2}
   (You found it on level 3 of the Lair of Beasts)

   It affects your strength (+2).
   It greatly protects you from fire.
   It protects you from poison.
   It affects your magic capacity (-9).
 T - a +0 large shield
 X - a +2 cloak (worn)
Jewellery
 a - the ring of Neb Nyn {rPois rC+ Str-3 Dex+2}
   (You found it in a Gauntlet)

   [ring of dexterity]

   It affects your strength (-3).
   It affects your dexterity (+2).
   It protects you from cold.
   It protects you from poison.
 g - an amulet of guardian spirit (around neck)
 j - a ring of see invisible (left hand)
 t - an uncursed ring of ice
 v - a ring of resist corrosion (right hand)
 D - an uncursed ring of fire
 F - an uncursed ring of positive energy
 L - an uncursed ring of protection from fire
Wands
 A - a wand of iceblast (13)
 E - a wand of digging (12)
 J - a wand of acid (9)
 M - a wand of scattershot (22)
 U - a wand of disintegration (18)
 V - a wand of polymorph (21)
Scrolls
 i - 15 scrolls of remove curse
 n - 3 scrolls of magic mapping
 p - a scroll of blinking
 z - 6 scrolls of fog
 I - 10 scrolls of teleportation
 P - 4 scrolls of enchant armour
 Q - 4 scrolls of fear
Potions
 b - a potion of invisibility
 e - 3 potions of brilliance
 k - 9 potions of lignification
 l - 6 potions of haste
 m - 11 potions of curing
 o - 2 potions of might
 q - 2 potions of heal wounds
 s - 6 potions of cancellation
 B - 3 potions of agility
 C - 2 potions of resistance
 O - a potion of berserk rage
 S - 4 potions of mutation
Miscellaneous
 G - a box of beasts
 N - a phial of floods
 W - 2 sacks of spiders
Comestibles
 c - 36 rations


   Skills:
 + Level 19.9 Fighting
 - Level 15.0 Long Blades
 + Level 15.5 Armour
 + Level 14.5 Dodging
 * Level 21.3 Shields


You had 17 spell levels left.
You didn't know any spells.
Your spell library was empty.

Dungeon Overview and Level Annotations

Branches:
Dungeon (15/15)            Temple (1/1) D:7            Lair (6/6) D:8
 Shoals (4/4) Lair:2        Snake (4/4) Lair:3        Slime (0/5) Lair:6
    Orc (1/2) D:11         Vaults (0/5) D:13         Depths (0/5) D:15

Altars:
Ashenzari
Cheibriados
Dithmenos
Elyvilon
Fedhas
Gozag
Hepliaklqana
Kikubaaqudgha
Makhleb
Nemelex Xobeh
Okawaru
Qazlal
Ru
Sif Muna
Trog
Uskayaw
Vehumet
Wu Jian
Xom
Yredelemnul
Zin
The Shining One

Shops:
D:4 [   D:11 *[(   Shoals:2 (   Shoals:3 !=:[}

Portals:
Bazaar: D:11

Annotations:
D:14 2 transporters


Innate Abilities, Weirdness & Mutations

You reflexively headbutt those who attack you in melee.
You have a pair of horns on your head.


Message History

The shard of ice hits you!!
* * * LOW HITPOINT WARNING * * *
You are too berserk!
You are too berserk!
You are too berserk!
You are too berserk!
Okay, then.
Unknown command.
You slice the wind drake!! You headbutt the wind drake!!
The wind drake is almost dead.
You are engulfed in a cloud of scalding steam.
You feel sick.
The cyclops throws a large rock.
The large rock completely misses you.
The large rock hits the alligator snapping turtle!
The wind drake exhales a fierce blast of wind!
You are blown backwards!
The merfolk aquamancer is blown away by the wind.
The water nymph points at you and mumbles some strange words.
The water rises up and strikes you!
You die...

########################
≈≈≈≈≈≈≈≈≈≈≈≈≈≈≈≈≈≈≈≈≈≈≈≈≈≈≈
≈≈≈≈≈≈≈≈≈≈≈≈≈≈≈≈≈≈≈≈≈≈≈≈≈≈≈≈
≈≈≈≈≈≈≈≈≈≈≈≈≈≈≈≈≈≈≈≈≈≈≈≈≈≈≈≈≈
≈≈≈≈≈≈≈≈≈≈≈≈≈≈≈§≈§≈≈≈≈≈≈≈≈≈≈≈
≈≈≈≈≈≈≈≈≈≈≈t§≈≈≈§≈≈≈≈≈≈≈≈≈≈≈≈≈
≈≈≈≈≈≈≈≈≈≈≈≈≈≈≈≈≈≈≈≈≈≈≈≈≈≈≈≈≈≈
≈≈≈≈≈≈≈≈≈≈k≈≈≈)§@≈≈≈≈≈≈≈≈≈≈≈≈≈
≈≈≈≈≈≈≈≈(m(C≈≈≈≈≈≈≈≈≈≈≈≈≈≈≈≈≈≈
≈≈≈≈≈≈≈(≈H≈≈≈≈≈≈≈≈≈≈≈≈≈≈≈≈≈≈≈≈
≈≈≈≈≈.##.##.≈m≈##'##≈≈≈≈≈≈≈≈≈≈
≈≈≈..##≈≈ ##.≈##.)÷##≈≈≈≈≈≈≈≈≈
≈≈≈..#.≈ #.†#..)÷≈#≈≈≈≈≈≈≈≈≈
≈≈≈..#.. #..#..≈≈≈#≈≈≈≈≈≈≈≈≈
≈≈≈..#. #..#..≈≈≈#≈≈≈≈≈≈≈≈≈
≈≈≈≈ ##..##...##≈≈≈≈≈≈≈≈≈


You could see an alligator snapping turtle, a merfolk aquamancer, a wind drake,
a manticore, a cyclops and a water nymph.

Vanquished Creatures
  Bai Suzhen (Snake:4)
  Vashnia (Snake:4)
  A kraken (Shoals:2)
  Gastronok (Lair:3)
  Polyphemus (Shoals:2)
  Agnes (Snake:4)
  Frances (Snake:1)
  Donald (Snake:4)
  Kirke (Lair:4)
  Ilsuiw (Shoals:3)
  The ghost of Tuffe the Warrior, an adept FoFi of Okawaru (Snake:1)
  9 nagarajas (Snake:4)
  The ghost of Pepn the Bludgeoner, a journeyman HuBe of Trog (Shoals:3)
  Louise (Shoals:2)
  Aizul (Snake:1)
  A minotaur (Gauntlet)
  Azrael (D:12)
  A red draconian (Volcano)
  2 merfolk javelineers (Shoals:1)
  12 merfolk impalers
  Erolcha (D:9)
  Josephine (D:12)
  11 naga warriors
  Fannar (D:11)
  Harold (D:9)
  5 hydras
  8 vault guards (D:13)
  The ghost of Nusathad the Cleaver, a journeyman HOFi of Yredelemnul (D:13)
  A centaur warrior (D:13)
  4 catoblepae
  2 merfolk avatars
  8 anacondas
  9 two-headed ogres
  3 merfolk aquamancers
  4 tengu warriors (D:15)
  A satyr (Shoals:2)
  A death knight (D:13)
  An ogre mage (Volcano)
  An alligator snapping turtle (Shoals:3)
  13 death yaks
  A queen ant (Gauntlet)
  A dancing weapon (Snake:1)
  5 shock serpents
  22 naga sharpshooters
  5 skeletal warriors
  10 sea snakes
  8 harpies
  An orc knight (D:13)
  A lindwurm (Lair:4)
  11 naga ritualists
  11 ugly things
  A necromancer (Gauntlet)
  6 mana vipers
  An orc sorcerer (D:13)
  5 slime creatures
  2 spectral satyrs (Shoals:3)
  A deep elf mage (D:13)
  7 salamanders
  6 cyclopes
  15 manticores
  4 spectral merfolk (Shoals:3)
  13 elephants
  A water nymph (shapeshifter) (D:15)
  Maurice (D:12)
  13 fauns
  A guardian serpent (Snake:3)
  33 black mambas
  Psyche (D:12)
  21 naga magi
  4 water nymphs
  14 merfolk sirens
  13 spiny frogs
  A centaur skeleton (D:12)
  2 rime drakes
  2 komodo dragons (Lair:1)
  2 freezing wraiths
  A spectral harpy (Shoals:3)
  An ice devil (Gauntlet)
  29 merfolk
  2 polar bears
  A queen bee (shapeshifter) (D:11)
  6 trolls
  3 meliai (D:14)
  2 wind drakes
  A queen bee (D:9)
  A hornet (D:13)
  A harpy skeleton (D:15)
  17 blink frogs
  10 hippogriffs
  12 dream sheep
  7 snapping turtles
  2 vampires
  3 wyverns
  12 water elementals
  A hog (Lair:4)
  5 wraiths
  40 yaks
  Eustachio (D:6)
  3 fire elementals (D:12)
  A basilisk (Lair:5)
  A basilisk (shapeshifter) (D:13)
  2 vampire mosquitoes (D:13)
  3 hungry ghosts
  28 nagas
  A spectral snapping turtle (Shoals:3)
  3 acid dragons
  6 soldier ants
  6 porcupines
  8 water moccasins
  2 hell hounds (D:12)
  10 orc warriors
  7 black bears
  2 eyes of draining
  2 ice beasts
  2 sky beasts (D:12)
  2 necrophages
  14 ogres
  19 centaurs
  3 phantoms
  6 wolves
  A boggart (shapeshifter) (D:14)
  12 crocodiles
  4 big kobolds
  12 bullfrogs
  5 gnoll sergeants (D:11)
  2 wyvern zombies (D:14)
  A wyvern skeleton (D:7)
  7 scorpions
  40 killer bees
  A snapping turtle simulacrum (Shoals:3)
  3 wights (D:8)
  2 electric eels
  4 howler monkeys
  A spectral centaur (Shoals:3)
  2 bullfrog zombies (D:12)
  4 crimson imps
  4 centaur zombies
  A quasit (D:12)
  9 hounds
  9 orc priests
  6 jellies
  15 orc wizards
  3 iguanas
  10 worker ants
  A howler monkey zombie (D:9)
  Robin (D:3)
  8 gnolls
  16 adders
  4 shadow imps
  3 white imps (Gauntlet)
  3 oozes
  4 adder skeletons
  3 worms
  5 dart slugs
  5 leopard geckos
  87 orcs
  6 giant cockroaches
  16 goblins
  12 hobgoblins
  7 jackals
  9 kobolds
  6 quokkas
  3 ball pythons
  A ball python skeleton (D:5)
  3 bats
  4 frilled lizards
  11 rats
  2 tentacles (Shoals:2)
1030 creatures vanquished.

Vanquished Creatures (others)
  A merfolk aquamancer (Shoals:4)
  2 wolves (Lair:4)
  11 fungi
  3 plants
  4 tentacles (Shoals:2)
21 creatures vanquished.

Grand Total: 1051 creatures vanquished

Notes
Turn   | Place    | Note
-------+----------+-------------------------------------------
     0 | D:1      | PentaManta the Minotaur Berserker began the quest for the
                  | Orb.
     0 | D:1      | Reached XP level 1. HP: 19/19 MP: 0/0
   426 | D:1      | Reached XP level 2. HP: 21/27 MP: 1/1
   810 | D:2      | Reached XP level 3. HP: 33/33 MP: 0/2
   813 | D:2      | Reached ** piety under Trog
  1206 | D:2      | Found a glowing golden altar of the Shining One.
  1362 | D:2      | Reached XP level 4. HP: 24/41 MP: 3/3
  1725 | D:3      | Noticed Robin
  1729 | D:3      | Reached skill level 5 in Long Blades
  1729 | D:3      | Reached XP level 5. HP: 47/47 MP: 1/4
  1752 | D:3      | Reached skill level 5 in Fighting
  1785 | D:3      | Killed Robin
  2035 | D:3      | Reached *** piety under Trog
  2465 | D:4      | Reached XP level 6. HP: 42/56 MP: 3/5
  2538 | D:4      | Found Keynus's Armour Boutique.
  2545 | D:4      | Bought a +0 shield for 58 gold pieces
  2545 | D:4      | Bought a +0 cloak for 58 gold pieces
  3127 | D:4      | Found a hazy altar of Hepliaklqana.
  3243 | D:5      | Entered Level 5 of the Dungeon
  3262 | D:5      | Reached XP level 7. HP: 42/63 MP: 2/6
  3560 | D:5      | Reached **** piety under Trog
  3811 | D:5      | Reached skill level 5 in Armour
  3855 | D:5      | Reached XP level 8. HP: 62/73 MP: 5/7
  4123 | D:5      | Reached skill level 5 in Dodging
  4133 | D:5      | Got a transparent rapier
  4140 | D:5      | Identified the +5 rapier of Blood {pierce, rPois Str+2
                  | Int+4 Dex-3} (You found it on level 5 of the Dungeon)
  4610 | D:6      | Reached skill level 1 in Shields
  4762 | D:6      | You fall through a shaft for 2 floors!
  4853 | D:8      | Reached skill level 2 in Shields
  4875 | D:7      | Reached skill level 3 in Shields
  4932 | D:7      | Reached skill level 4 in Shields
  4934 | D:7      | Reached XP level 9. HP: 66/82 MP: 4/8
  5307 | D:7      | Reached ***** piety under Trog
  5307 | D:7      | Received a gift from Trog
  5321 | D:7      | Reached skill level 5 in Shields
  5414 | D:7      | Found a staircase to the Ecumenical Temple.
  5663 | D:6      | Noticed Eustachio
  5677 | D:6      | Killed Eustachio
  5677 | D:6      | Reached skill level 6 in Shields
  6059 | Temple   | Entered the Ecumenical Temple
  6373 | D:8      | Found a staircase to the Lair.
  6391 | D:8      | Reached skill level 7 in Shields
  6401 | D:8      | Reached skill level 10 in Long Blades
  6413 | D:8      | Reached skill level 8 in Shields
  6436 | D:8      | Reached skill level 10 in Fighting
  6504 | D:8      | Reached XP level 10. HP: 57/93 MP: 6/9
  6815 | D:8      | Identified a scroll of acquirement
  6923 | D:8      | Reached skill level 9 in Shields
  6986 | Lair:1   | Entered Level 1 of the Lair of Beasts
  7379 | D:9      | Reached skill level 10 in Shields
  7441 | D:9      | Noticed Harold
  7460 | D:9      | Killed Harold
  7596 | D:9      | Noticed Erolcha
  7611 | D:9      | Killed Erolcha
  7611 | D:9      | Reached skill level 11 in Shields
  7611 | D:9      | Reached XP level 11. HP: 102/102 MP: 8/10
  7965 | D:10     | Entered Level 10 of the Dungeon
  8242 | D:10     | Received a gift from Trog
  8245 | D:10     | Got a scorched long sword {god gift}
  8247 | D:10     | Identified the +10 long sword of the Skies Above {freeze,
                  | *Rage rElec rF+ rN+} (Trog gifted it to you on level 10 of
                  | the Dungeon)
  8299 | D:10     | Noticed a two-headed ogre
  8303 | D:10     | Killed a two-headed ogre
  8532 | D:11     | Noticed a purple ugly thing
  8542 | D:11     | Killed a purple ugly thing
  8542 | D:11     | Reached skill level 12 in Shields
  8594 | D:11     | Found Lykeg's Assorted Antiques.
  8594 | D:11     | Noticed Fannar
  8606 | D:11     | Killed Fannar
  8615 | D:11     | Bought a sapphire potion for 22 gold pieces
  8615 | D:11     | Bought a scroll of fear for 87 gold pieces
  8615 | D:11     | Bought a bubbling ruby potion for 22 gold pieces
  8615 | D:11     | Bought a scroll of identify for 50 gold pieces
  8615 | D:11     | Bought a glowing white potion for 22 gold pieces
  8615 | D:11     | Bought a large malachite amulet for 125 gold pieces
  8629 | D:11     | Found a gateway to a bazaar.
  9088 | D:11     | Found Qetosch's Armour Emporium.
  9121 | D:11     | Bought a +0 large shield for 63 gold pieces
  9304 | D:11     | Reached skill level 13 in Shields
  9311 | D:11     | Found a staircase to the Orcish Mines.
  9339 | Orc:1    | Entered Level 1 of the Orcish Mines
  9459 | D:11     | Found Ympoas's Antique Weapon Emporium.
  9613 | D:12     | Noticed a skeletal warrior
  9613 | D:12     | Noticed a skeletal warrior
  9616 | D:12     | Noticed a skeletal warrior
  9625 | D:12     | Killed a skeletal warrior
  9631 | D:12     | Killed a skeletal warrior
  9648 | D:12     | Killed a skeletal warrior
  9648 | D:12     | Reached XP level 12. HP: 64/113 MP: 4/11
  9655 | D:12     | Got a scorched great sword
  9854 | D:12     | Noticed Psyche
  9862 | D:12     | Killed Psyche
 10108 | D:12     | Reached ****** piety under Trog
 10108 | D:12     | Reached skill level 14 in Shields
 10228 | D:12     | Noticed a two-headed ogre
 10236 | D:12     | Killed a two-headed ogre
 10255 | D:12     | Noticed Josephine
 10264 | D:12     | Killed Josephine
 10303 | D:12     | Noticed Maurice
 10338 | D:12     | Killed Maurice
 10521 | D:12     | Noticed Azrael
 10537 | D:12     | Killed Azrael
 10539 | D:12     | Reached skill level 15 in Shields
 11133 | D:13     | Paralysed by an orc sorcerer for 6 turns
 11154 | D:13     | Paralysed by an orc sorcerer for 5 turns
 11453 | D:13     | Identified the +7 great sword "Zusmun" {venom, *Slow rC+
                  | MR+ Int+4} (You found it on level 12 of the Dungeon)
 11513 | D:13     | Found a large runed translucent door.
 11513 | D:13     | Found a large runed translucent door.
 11521 | D:13     | Received a gift from Trog
 11524 | D:13     | Got a crystal triple sword {god gift}
 11699 | D:13     | Noticed a death knight
 11714 | D:13     | Killed a death knight
 11714 | D:13     | Reached XP level 13. HP: 123/123 MP: 9/12
 11752 | D:12     | Identified the +5 triple sword of Geawuw {slice, Dex+3}
                  | (Trog gifted it to you on level 13 of the Dungeon)
 11898 | D:13     | Found a gate to the Vaults.
 11954 | D:13     | Reached skill level 15 in Long Blades
 12158 | D:11     | Bought an ichor-stained scimitar for 333 gold pieces
 12158 | D:11     | Identified the +8 scimitar of Zisuurir {protect, rElec
                  | rPois MP-9 Stlth+} (You bought it in a shop on level 11 of
                  | the Dungeon)
 12256 | D:13     | Noticed Nusathad's ghost (journeyman HOFi)
 12377 | D:13     | Reached skill level 15 in Fighting
 12915 | D:13     | Killed Nusathad's ghost
 13056 | D:14     | Found a bloodstained altar of Trog.
 13057 | D:14     | Found the cursed necklace of Bloodlust {*Rage +Rage MR++
                  | Int-3 Slay+6 *Curse}
 13142 | D:14     | Received a gift from Trog
 13254 | D:14     | Found a transporter.
 13267 | D:14     | Found a transporter.
 13530 | D:14     | Found an ornate altar of the Wu Jian Council.
 13539 | D:14     | Reached XP level 14. HP: 136/136 MP: 2/13
 13749 | D:15     | Entered Level 15 of the Dungeon
 13823 | D:15     | Found a staircase to the Depths.
 15793 | Lair:2   | Found a gate leading to a gauntlet.
 15919 | Gauntlet | Entered a Gauntlet
 15919 | Gauntlet | Found a transporter.
 15921 | Gauntlet | Got a distressingly furry ring mail
 15932 | Gauntlet | Identified the +3 ring mail of Askeatzegeil {Regen+} (You
                  | acquired it in a Gauntlet)
 15941 | Gauntlet | Found a transporter.
 15956 | Gauntlet | Found a transporter.
 15961 | Gauntlet | Found a transporter.
 15987 | Gauntlet | Found a transporter.
 15996 | Gauntlet | Found a transporter.
 16008 | Gauntlet | Found a transporter.
 16008 | Gauntlet | Noticed a cacodemon
 16020 | Gauntlet | Found a transporter.
 16032 | Gauntlet | Found a transporter.
 16044 | Gauntlet | Found a transporter.
 16044 | Gauntlet | Noticed an entropy weaver
 16061 | Gauntlet | Found a transporter.
 16079 | Gauntlet | Found a transporter.
 16081 | Gauntlet | Found a transporter.
 16109 | Gauntlet | Found a transporter.
 16109 | Gauntlet | Found a transporter.
 16129 | Gauntlet | Found a transporter.
 16209 | Gauntlet | Found a transporter.
 16231 | Gauntlet | Found a transporter.
 16480 | Gauntlet | Received a gift from Trog
 16494 | Gauntlet | Got a brightly glowing pewter ring
 16496 | Gauntlet | Identified the ring of Neb Nyn {rPois rC+ Str-3 Dex+2} (You
                  | found it in a Gauntlet)
 16671 | Gauntlet | Identified the Almanac of Unstable Fire
 16993 | Lair:2   | Reached skill level 10 in Armour
 17103 | Lair:2   | You are sucked into a shaft for 2 floors!
 17147 | Lair:4   | Noticed Kirke
 17160 | Lair:4   | Killed Kirke
 17192 | Lair:4   | Found a dark tunnel.
 17211 | Volcano  | Entered a volcano
 17276 | Volcano  | Reached skill level 10 in Dodging
 17646 | Lair:4   | Found the +0 mask of the Dragon {MR+ Slay+3 SInv}
 18529 | Lair:5   | Reached XP level 15. HP: 147/147 MP: 5/14
 18990 | Lair:6   | Entered Level 6 of the Lair of Beasts
 19044 | Lair:6   | Got a pair of bloodstained gloves
 19122 | Lair:6   | Identified the +1 pair of gloves "Bysul" {Str+4} (You found
                  | it on level 6 of the Lair of Beasts)
 19171 | Lair:6   | Found a staircase to the Slime Pits.
 19174 | Lair:6   | Reached skill level 16 in Shields
 19335 | Lair:6   | Received a gift from Trog
 20147 | Lair:3   | Noticed Gastronok
 20184 | Lair:3   | Killed Gastronok
 20339 | Lair:3   | Found a staircase to the Snake Pit.
 20347 | Lair:3   | Got a brightly glowing ring mail
 20358 | Lair:3   | Identified the cursed +0 ring mail "Pada" {rPois rF++ MP-9
                  | Str+2} (You found it on level 3 of the Lair of Beasts)
 20755 | Snake:1  | Entered Level 1 of the Snake Pit
 20762 | Snake:1  | Noticed Frances
 20774 | Snake:1  | Reached skill level 17 in Shields
 20829 | Snake:1  | Killed Frances
 20907 | Snake:1  | Received a gift from Trog
 20941 | Snake:1  | Noticed Aizul
 20950 | Snake:1  | Killed Aizul
 21068 | Snake:1  | Identified the Compendium of Space
 21109 | Snake:1  | Found a runed translucent door.
 21110 | Snake:1  | Found a shimmering altar of Xom.
 21110 | Snake:1  | Noticed Tuffe's ghost (adept FoFi)
 21185 | Snake:1  | Reached XP level 16. HP: 131/157 MP: 4/15
 21395 | Snake:1  | Killed Tuffe's ghost
 22214 | Snake:3  | Reached skill level 18 in Shields
 22354 | Snake:3  | Received a gift from Trog
 22970 | Snake:4  | Entered Level 4 of the Snake Pit
 23171 | Snake:4  | Noticed Agnes
 23181 | Snake:4  | Killed Agnes
 23514 | Snake:4  | Received a gift from Trog
 23844 | Snake:4  | Reached skill level 19 in Shields
 23923 | Snake:4  | Reached XP level 17. HP: 166/166 MP: 7/16
 24165 | Snake:4  | Received a gift from Trog
 24550 | Snake:4  | Got a serpentine rune of Zot
 24643 | Snake:4  | Noticed Bai Suzhen
 24659 | Snake:4  | Killed Bai Suzhen
 24895 | Snake:4  | Noticed Donald
 24905 | Snake:4  | Killed Donald
 25005 | Snake:4  | Noticed Vashnia
 25044 | Snake:4  | Killed Vashnia
 26056 | Lair:2   | Found a staircase to the Shoals.
 26283 | Shoals:1 | Entered Level 1 of the Shoals
 26432 | Shoals:1 | Reached skill level 20 in Shields
 26570 | Shoals:1 | Received a gift from Trog
 27161 | Shoals:2 | Noticed Louise
 27184 | Shoals:2 | Killed Louise
 27602 | Shoals:2 | Noticed a kraken
 27617 | Shoals:2 | Killed a kraken
 27747 | Shoals:2 | Reached XP level 18. HP: 169/176 MP: 6/17
 27868 | Shoals:2 | Found Houskiuz's Weapon Emporium.
 27958 | Shoals:2 | Noticed Polyphemus
 27970 | Shoals:2 | Killed Polyphemus
 28100 | Shoals:2 | Received a gift from Trog
 28335 | Shoals:3 | Found Ifobbuim's Distillery.
 28361 | Shoals:3 | Reached skill level 15 in Armour
 28500 | Shoals:3 | Found Ole Lopn's Jewellery Boutique.
 28547 | Shoals:3 | Noticed Ilsuiw
 28557 | Shoals:3 | HP: 5/177 [drowned by a water elemental[Ilsuiw] (7)]
 28571 | Shoals:3 | Killed Ilsuiw
 28609 | Shoals:3 | Reached skill level 21 in Shields
 28789 | Shoals:3 | Found a runed translucent gate.
 28789 | Shoals:3 | Found a runed translucent gate.
 28789 | Shoals:3 | Found a runed translucent gate.
 28790 | Shoals:3 | Noticed Pepn's ghost (journeyman HuBe)
 28807 | Shoals:3 | Received a gift from Trog
 28816 | Shoals:3 | Killed Pepn's ghost
 28899 | Shoals:3 | Found Heet's Book Boutique.
 29025 | Shoals:3 | Found Uxuacwat's Armour Boutique.
 29045 | Shoals:3 | Found Cuqeijag's Gadget Boutique.
 29401 | Shoals:4 | Entered Level 4 of the Shoals
 30007 | Shoals:4 | Identified the +5 hand axe of Zoefucs {freeze, rC+ MR-
                  | Str+4}
 30027 | Shoals:4 | HP: 8/267 [merfolk aquamancer/shard of ice (31)]
 30029 | Shoals:4 | Killed from afar by a water nymph

Skill      XL: |  1  2  3  4  5  6  7  8  9 10 11 12 13 14 15 16 17 18 |
---------------+-------------------------------------------------------+-----
Long Blades    | 4 5 6 7 9 10 11 12 13 15 | 15.0
Fighting       | 4 5 6 7 8 10 11 12 13 15 17 18 19 | 19.9
Armour         | 3 4 5 7 10 12 13 14 15 | 15.5
Dodging        | 3 4 5 7 10 11 12 13 14 | 14.5
Shields        | 4 8 11 13 15 17 19 20 21 | 21.3

Action                   |  1- 3 |  4- 6 |  7- 9 | 10-12 | 13-15 | 16-18 || total
-------------------------+-------+-------+-------+-------+-------+-------++-------
Melee: Falchion          |    74 |   132 |    86 |       |       |       ||   292
       Headbutt          |    15 |    29 |    59 |   142 |   297 |   390 ||   932
       Rapier            |       |       |   194 |   632 |    15 |       ||   841
       Scimitar          |       |       |       |    14 |   937 |  1160 ||  2111
       Long sword        |       |       |       |    31 |    48 |       ||    79
Throw: Tomahawk          |       |       |       |     1 |       |       ||     1
Invok: Berserk           |     1 |     3 |     6 |    12 |    14 |    16 ||    52
       Trog's Hand       |       |     3 |     1 |     6 |     3 |     2 ||    15
Evoke: Wand              |       |       |       |     3 |       |       ||     3
  Use: Scroll            |     2 |     1 |       |    21 |    16 |     3 ||    43
       Potion            |       |       |       |     1 |       |    12 ||    13
 Stab: Sleeping          |     2 |     1 |       |       |       |     2 ||     5
       Distracted        |       |       |       |       |     1 |       ||     1
       Invisible         |       |       |       |       |       |    11 ||    11
       Petrified         |       |       |       |       |       |     3 ||     3
  Eat: Chunk             |     2 |     7 |    11 |    16 |    31 |    17 ||    84
       Ration            |       |     1 |     2 |     5 |     4 |     8 ||    20
Armor: Animal skin       |    16 |    27 |       |       |       |       ||    43
       Ring mail         |       |    23 |   109 |     8 |   159 |   350 ||   649
       Scale mail        |       |       |       |   247 |   134 |       ||   381
Dodge: Dodged            |    50 |   109 |   176 |   315 |   356 |   543 ||  1549
Block: Buckler           |       |       |    10 |   125 |       |       ||   135
       Shield            |       |       |       |    59 |   562 |   967 ||  1588
       Reflection        |       |       |       |       |       |    40 ||    40
       Rpst.: Falchion   |    10 |    27 |    15 |       |       |       ||    52
       Scimitar          |       |       |       |     3 |    68 |    80 ||   151
       Long sword        |       |       |       |     1 |     4 |       ||     5
